 Dungeon Crawl Stone Soup version 0.26-a0-660-gc07710193c (webtiles) character file.

Game seed: 13770310237613981101

331 jasper the Chiller (level 6, -12/45 HPs)
             Began as a Demigod Ice Elementalist on Oct 6, 2020.
             Mangled by an ice beast (13 damage)
             ... on level 5 of the Dungeon.
             The game lasted 00:06:20 (3943 turns).

jasper the Chiller (Demigod Ice Elementalist)       Turns: 3943, Time: 00:06:21

Health: -12/45     AC:  2    Str: 15    XL:     6   Next: 5%
Magic:  11/11      EV: 12    Int: 19    God:
Gold:   225        SH:  0    Dex: 16    Spells: 1/8 levels left

rFire    . . .     SeeInvis .   j - +2 hunting sling (flame)
rCold    . . .     Faith    .   (no shield)
rNeg     . . .     Spirit   .   a - +0 robe
rPois    .         Reflect  .   (no helmet)
rElec    .         Harm     .   (no cloak)
rCorr    .         Rampage  .   (no gloves)
MR       .....                  (no boots)
Stlth    ++........             (no amulet)
HPRegen  0.15/turn              (no ring)
MPRegen  0.12/turn              (no ring)

@: no status effects
A: high mp 1
a: no special abilities


You were on level 5 of the Dungeon.
You visited 1 branch of the dungeon, and saw 5 of its levels.

You collected 225 gold pieces.

Inventory:

Hand Weapons
 b - a +0 dagger
 j - a +2 hunting sling of flaming (weapon)
Missiles
 h - 136 stones (quivered)
 i - 36 bolts
 k - 47 arrows
 l - 16 poisoned darts
Armour
 a - a +0 robe (worn)
 g - a +0 leather armour
Scrolls
 c - 3 scrolls of remove curse {unknown}
 d - 3 scrolls of teleportation {unknown}
 e - a scroll of enchant weapon {unknown}
 m - a scroll of magic mapping {unknown}
 p - a scroll of amnesia {unknown}
 q - a scroll of random uselessness {unknown}
 u - 4 scrolls of identify {unknown}
 w - 2 scrolls of enchant armour {unknown}
 x - a scroll of fear {unknown}
 y - a scroll of fog {unknown}
Potions
 f - a potion of cancellation
 n - a potion of ambrosia {unknown}
 o - a potion of invisibility {unknown}
 s - a potion of degeneration {unknown}
 t - 2 potions of stabbing {unknown}
 v - 2 potions of curing
 z - a potion of resistance {unknown}


   Skills:
 - Level 1.7 Dodging
 - Level 1.7 Stealth
 - Level 1.7 Spellcasting
 + Level 7.0 Ice Magic


You had one spell level left.
You knew the following spells:

 Your Spells              Type           Power        Failure   Level
a - Freeze                Ice            ####         1%          1
b - Frozen Ramparts       Ice            ####..       3%          3
c - Ozocubu's Armour      Ice            ####....     3%          3

Your spell library contained the following spells:

 Spells                   Type           Power        Failure   Level
 Hailstorm                Conj/Ice       ##......     38%         4
 Summon Ice Beast         Ice/Summ       ##......     38%         4
 Confusing Touch          Hex            #.......     45%         3
 Gell's Gravitas          Tloc           #.........   45%         3
 Metabolic Englaciation   Hex/Ice        ##........   75%         5
 Petrify                  Tmut/Erth      #.......     86%         4
 Yara's Violent Unravell  Hex/Tmut       #.........   99%         5


Dungeon Overview and Level Annotations

Branches:
Dungeon (5/15)
 Temple: D:4-7


Innate Abilities, Weirdness & Mutations

You have an increased reservoir of magic. (+10% MP)


Message History

The ice beast is severely wounded.
The ice beast closely misses you. The ice beast hits you.
The ice beast freezes you!
* * * LOW HITPOINT WARNING * * *
You take 14 damage, and have 12/45 hp.
MASSIVE DAMAGE!!
It was a potion of cancellation.
You feel magically purged. The ice beast barely misses you.
Firing (i - inventory. (/) - cycle)
h - 137 stones (quivered)
Press: ? - help, Shift-Dir - straight line, f/p - ice beast
Aim: an ice beast (severely wounded)
You shoot a stone. The stone barely misses the ice beast.
The ice beast hits you.
* * * LOW HITPOINT WARNING * * *
The ice beast freezes you!
* * * LOW HITPOINT WARNING * * *
You take 11 damage, and have 1/45 hp.
MASSIVE DAMAGE!!
It was a potion of curing.
You feel better. The ice beast hits you.
* * * LOW HITPOINT WARNING * * *
The ice beast freezes you!
You die...

.########
((.(...(#
.#.####.#
#.# #.#
#I# #@#
###


You could see an ice beast.

Vanquished Creatures
  Sigmund (D:4)
  An orc wizard (D:3)
  4 adders
  An ooze (D:4)
  6 worms
  4 dart slugs
  6 leopard geckos
  8 orcs
  8 bats
  2 giant cockroaches
  11 hobgoblins
  4 jackals (D:1)
  2 quokkas (D:2)
  A frilled lizard (D:2)
  12 goblins
  3 kobolds
  5 rats
79 creatures vanquished.

Notes
Turn   | Place    | Note
-------+----------+-------------------------------------------
     0 | D:1      | jasper the Demigod Ice Elementalist began the quest for the
                  | Orb.
     0 | D:1      | Reached XP level 1. HP: 14/14 MP: 5/5
   165 | D:1      | Reached skill level 4 in Ice Magic
   321 | D:1      | Reached XP level 2. HP: 14/20 MP: 4/7
  1269 | D:2      | Reached XP level 3. HP: 20/26 MP: 5/8
  1430 | D:2      | Reached skill level 5 in Ice Magic
  1446 | D:2      | Learned a level 3 spell: Frozen Ramparts
  1604 | D:2      | Found a burning altar of Makhleb.
  1960 | D:2      | Reached XP level 4. HP: 33/33 MP: 9/9
  2643 | D:3      | Found a snail-covered altar of Cheibriados.
  2879 | D:3      | Reached skill level 6 in Ice Magic
  2879 | D:3      | Reached XP level 5. HP: 28/38 MP: 6/10
  2892 | D:3      | Learned a level 3 spell: Ozocubu's Armour
  3017 | D:4      | Noticed Sigmund
  3023 | D:4      | Killed Sigmund
  3023 | D:4      | Reached XP level 6. HP: 36/45 MP: 7/11
  3632 | D:4      | Reached skill level 7 in Ice Magic
  3923 | D:5      | Entered Level 5 of the Dungeon
  3942 | D:5      | HP: 1/45 [ice beast (11)]
  3943 | D:5      | Mangled by an ice beast

Illustrated notes

Levels and vault maps discovered:
D:1:      dpeg_arrival_houses_and_road, layout_basic
D:2:      layout_loops_ring, bloody_makhleb, chequers_hall_statues_corner_a
D:3:      layout_loops_ring, kennysheep_slug_shrine
D:4:      layout_basic, uniq_sigmund
D:5:      cheibrodos_two_vegetables, layout_basic,
          grunt_temple_overflow_magic_moments, zin_academy,
          serial_bayou_lagoon_a, st_stairs_12,
          minmay_guarded_unrand_staff_of_olgreb

Skill      XL: |  1  2  3  4  5  6 |
---------------+-------------------+-----
Ice Magic      | 4 5 6 7 |  7.0
Dodging        | |  1.7
Stealth        | |  1.7
Spellcasting   | |  1.7

Action                   |  1- 3 |  4- 6 || total
-------------------------+-------+-------++-------
Melee: Dagger            |    23 |       ||    23
 Fire: Hunting sling     |    46 |    72 ||   118
 Cast: Freeze            |    35 |    11 ||    46
       Frozen Ramparts   |       |     5 ||     5
  Use: Potion            |       |     2 ||     2
 Stab: Sleeping          |     2 |       ||     2
Armor: Robe              |     6 |     3 ||     9
Dodge: Dodged            |    38 |    22 ||    60

Table legend: (Time is in decaauts)
 A = Elapsed time spent in this place.
 B = Non-inter-level travel time spent in this place.
 C = Inter-level travel time spent in this place.
 D = Time resting spent in this place.
 E = Time spent auto-exploring this place.
 F = Levels seen in this place.
 G = Mean time per level.
                   A        B        C        D        E       F      G
               +--------+--------+--------+--------+--------+-----+--------+
         Total |   3973 |   3833 |    140 |    410 |   2892 |   5 |  794.6 |
       Dungeon |   3973 |   3833 |    140 |    410 |   2892 |   5 |  794.6 |
               +--------+--------+--------+--------+--------+-----+--------+

Top non-repeatable levels by time:
     D:2: 1331 daAuts
     D:1: 949 daAuts
     D:3: 868 daAuts
     D:4: 802 daAuts
     D:5: 21 daAuts
